AoeStats
← Scaslan

Pilgrims

508314585Analyzed
4v4 RM · 12d ago on Sep 21, 2026· 55m 51s· 8 players
Game mode
Random Map
Map size
Large (8 player)
Population
200
Speed
Normal
Resources
Standard
Victory
Conquest
Starting age
Dark Age
Ending age
Imperial Age
RankedLock teamsTeams togetherTeam positionsShared explorationLock speedFull tech treeHidden civsTurbo modeCheats
Victory
Defeat
🇮🇩 Berbers · Indonesia
1118
+13
🇬🇧 Spanish · United Kingdom
1032
+16
🇹🇷 Celts · Türkiye
1024
+16
🇺🇸 Bohemians · United States
995
+19
🇦🇷 Maya · Argentina
1055
-17
🇺🇸 Saracens · United States
1043
-16
🇮🇹 Byzantines · Italy
1034
-16
🇵🇪 Persians · Peru
1009
-15
Francescosti
6:06 Loom
15:33 Feudal Age
20:59 Castle Age
19:37 Fletching
21:53 Bodkin Arrow
24:07 Fishing Lines
27:20 Wheelbarrow
27:26 Forging
27:21 Scale Barding Armor
28:02 Scale Barding Armor
28:44 Husbandry
29:17 Hand Cart
30:11 Iron Casting
30:39 Chain Barding Armor
31:01 Double-Bit Axe
36:18 Imperial Age
33:34 Crossbowman
34:20 Thumb Ring
34:34 Padded Archer Armor
34:41 Horse Collar
37:16 Gold Mining
37:07 Arbalester
39:19 Chemistry
39:38 Ballistics
39:45 Bracer
40:00 Leather Archer Armor
42:59 Elite Cataphract
44:01 Conscription
44:57 Gold Shaft Mining
52:24 Light Cavalry
ShardMuggleFirst
8:37 Loom
12:25 Feudal Age
16:24 Castle Age
15:22 Stone Mining
15:22 Double-Bit Axe
16:07 Gold Mining
18:05 Fletching
20:44 Murder Holes
26:11 Scale Barding Armor
26:38 Town Watch
27:28 Wheelbarrow
28:26 Gold Shaft Mining
28:34 Bloodlines
29:30 Husbandry
29:54 Chain Barding Armor
29:39 Bodkin Arrow
35:15 Hand Cart
37:08 Forging
39:58 Imperial Age
37:14 Light Cavalry
46:51 Bow Saw
50:28 Hussar
51:13 Horse Collar
51:53 Heavy Plow
54:14 Plate Barding Armor
54:39 Parthian Tactics
54:57 Iron Casting
54:32 Bracer
54:33 Padded Archer Armor
55:39 Thumb Ring
Okisan
5:22 Loom
12:19 Feudal Age
18:07 Castle Age
17:20 Fletching
17:47 Double-Bit Axe
17:45 Horse Collar
18:55 Padded Archer Armor
21:28 Bow Saw
24:18 Wheelbarrow
24:46 Ballistics
26:02 Thumb Ring
26:22 Murder Holes
30:44 Elite Skirmisher
42:17 Imperial Age
40:29 Fishing Lines
41:35 Bodkin Arrow
41:56 Leather Archer Armor
43:43 Hul'che Javelineers
47:46 Conscription
49:59 Chemistry
49:20 Crossbowman
50:14 Arbalester
MapacheZebra
3:43 Loom
14:28 Feudal Age
19:44 Wheelbarrow
23:34 Wheelbarrow
26:26 Stone Mining
28:00 Double-Bit Axe
32:33 Fishing Lines
36:21 Stone Mining
42:20 Castle Age
40:01 Horse Collar
45:14 Bow Saw
45:28 Hand Cart
45:15 Heavy Plow
45:55 Gold Mining
47:43 Scale Barding Armor
47:50 Forging
50:33 Chain Barding Armor
50:49 Iron Casting
50:30 Husbandry
53:02 Iron Casting
egemenbeder
12:04 Feudal Age
13:37 Loom
25:29 Castle Age
26:44 Double-Bit Axe
27:52 Bow Saw
27:46 Horse Collar
28:56 Heavy Plow
28:51 Gold Mining
29:07 Fishing Lines
30:20 Medium Warships
30:58 Wheelbarrow
30:10 Town Watch
30:53 Gillnets
32:00 Padded Archer Armor
34:54 Leather Archer Armor
36:11 Bloodlines
36:01 Husbandry
36:34 Town Patrol
36:54 Hand Cart
40:27 Imperial Age
39:01 Stone Mining
41:33 Conscription
41:04 Fletching
41:45 Ring Archer Armor
41:45 Bodkin Arrow
41:12 Elite Skirmisher
41:57 Thumb Ring
43:20 Two-Man Saw
42:58 Capped Ram
44:49 Bracer
45:13 Ballistics
45:54 Chemistry
46:00 Hand Cart
49:35 Town Patrol
50:37 Elite Conquistador
52:03 Scale Mail Armor
52:13 Forging
51:24 Pikeman
52:05 Squires
52:25 Forging
52:03 Arson
52:24 Halberdier
53:20 Chain Mail Armor
52:51 Gambesons
54:34 Iron Casting
53:43 Elite Cannon Galleon
56:15 Plate Mail Armor
56:46 Blast Furnace
56:18 Careening
56:19 Clinker Construction
56:17 Siphons
erik_k900
3:47 Loom
14:13 Feudal Age
14:46 Man-at-Arms
17:59 Wheelbarrow
22:26 Castle Age
20:58 Scale Mail Armor
21:08 Fishing Lines
26:10 Hand Cart
51:38 Imperial Age
49:38 Long Swordsman
52:37 Pikeman
TempYuraa
11:34 Feudal Age
12:20 Double-Bit Axe
15:15 Castle Age
13:32 Fishing Lines
16:19 Bow Saw
16:01 Stone Mining
18:41 Gold Mining
18:42 Gillnets
19:11 Fletching
26:00 Horse Collar
31:00 Imperial Age
28:55 Bodkin Arrow
29:01 Padded Archer Armor
29:27 Husbandry
29:57 Caravan
30:30 Coinage
30:49 Ballistics
30:10 Treadmill Crane
31:09 Leather Archer Armor
32:11 Bloodlines
32:08 Thumb Ring
32:26 Bracer
32:56 Ring Archer Armor
33:07 Conscription
32:50 Kasbah
32:29 Crossbowman
33:26 Heavy Plow
33:13 Capped Ram
35:24 Gold Shaft Mining
35:24 Stone Shaft Mining
34:51 Heavy Plow
35:29 Siege Engineers
35:34 Masonry
35:56 Banking
37:03 Maghrebi Camels
38:55 Crop Rotation
38:30 Elite Camel Archer
41:01 Masonry
41:49 Heavy Cavalry Archer
41:54 Elite Genitour
47:24 Forging
47:19 Scale Barding Armor
46:57 Light Cavalry
47:57 Hussar
49:15 Iron Casting
52:33 Scale Mail Armor
53:38 Blast Furnace
52:59 Chain Barding Armor
53:56 Wheelbarrow
53:07 Loom
53:08 Town Watch
54:49 Plate Barding Armor
55:58 Caravan
Scaslan
19:10 Feudal Age
23:20 Castle Age
21:55 Horse Collar
22:04 Double-Bit Axe
22:12 Gold Mining
25:56 Bow Saw
28:18 Loom
33:00 Wheelbarrow
43:04 Imperial Age
43:06 Hand Cart
43:16 Heavy Plow
44:25 Caravan
49:15 Town Watch
51:03 Town Patrol
51:31 Stone Mining
52:44 Pikeman
53:13 Arson
53:17 Gambesons
53:35 Scale Mail Armor
53:46 Forging
54:39 Gold Shaft Mining
54:41 Stone Shaft Mining
55:23 Conscription
54:28 Halberdier
Connection lost

Rejoining the realm…

Still unreachable

The connection could not be restored.

Session expired

The server has moved on; the page needs a fresh start.